 Dungeon Crawl Stone Soup version 0.31-a0-986-g5e6e4ef867 (webtiles) character file.

Game seed: 11410624836573965925

2655 Lobster4 the Chopper (level 9, -1/81 HPs)
             Began as a Hill Orc Fighter on Nov 6, 2023.
             Was an Initiate of Makhleb.
             Killed from afar by an electric eel (10 damage)
             ... with a bolt of electricity
             ... on level 7 of the Dungeon.
             The game lasted 00:15:03 (6586 turns).

Lobster4 the Chopper (Hill Orc Fighter)             Turns: 6586, Time: 00:15:05

Health: -1/81      AC: 10    Str: 23    XL:     9   Next: 62%
Magic:  20/20      EV: 10    Int:  8    God:    Makhleb [......]
Gold:   194        SH:  5    Dex: 10    Spells: 8/8 levels left

rFire   . . .        a - +0 broad axe (vamp)
rCold   . . .        c - +0 buckler
rNeg    . . .        K - +0 acid dragon scales
rPois   .            (no helmet)
rElec   .            (no cloak)
rCorr   +            (no gloves)
SInv    .            G - +1 pair of boots
Will    .....        (no amulet)
Stlth   +            C - ring of magical power
HPRegen 0.33/turn    F - +4 ring of slaying
MPRegen 0.17/turn

%: no passive effects
@: no status effects
A: no striking features
a: Renounce Religion


You were on level 7 of the Dungeon.
You worshipped Makhleb.
Makhleb was noncommittal.
You visited 2 branches of the dungeon, and saw 8 of its levels.

You collected 408 gold pieces.
You spent 214 gold pieces at shops.

Inventory:

Hand Weapons
 a - a +0 vampiric broad axe (weapon)
 e - a +0 broad axe of draining
 h - a +1 war axe
 i - a +0 mace
 j - a +0 sling
 M - the +2 dagger of Spores {heavy, Fly rF- rC+++ MP-9}
   (You found it on level 6 of the Dungeon)

   rF-:       It makes you vulnerable to fire.
   rC+++:     It renders you almost immune to cold.
   MP-9:      It affects your magic capacity (-9).
   Fly:       It grants you flight.
Missiles
 g - 55 stones
 r - 8 poisoned darts
 y - 3 javelins
 B - a throwing net
 D - 5 boomerangs (quivered)
 I - 2 atropa-tipped darts
 J - 3 darts of dispersal
 P - a curare-tipped dart
Armour
 b - a +0 scale mail
 c - a +0 buckler (worn)
 G - a +1 pair of boots (worn)
 H - a +0 chain mail
 K - +0 acid dragon scales (worn)
Magical Staves
 m - a staff of cold
Jewellery
 C - a ring of magical power (left hand)
 F - a +4 ring of slaying (right hand)
 L - an amulet of magic regeneration
 Q - a ring of flight
Talismans
 k - a dragon-blood talisman
Wands
 q - a wand of roots (6)
 x - a wand of acid (7)
 O - a wand of charming (9)
 T - a wand of polymorph (5)
Scrolls
 l - a scroll of poison {unknown}
 t - 2 scrolls of amnesia
 v - 4 scrolls of teleportation
 w - a scroll of brand weapon
 R - a scroll of immolation
 S - a scroll of summoning
Potions
 d - a potion of might
 f - a potion of magic {unknown}
 n - a potion of cancellation {unknown}
 o - 7 potions of curing
 p - a potion of degeneration {unknown}
 s - 2 potions of attraction {unknown}
 u - 2 potions of ambrosia {unknown}
 z - a potion of enlightenment
 A - 3 potions of haste {unknown}
 E - a potion of heal wounds
 N - 2 potions of mutation


   Skills:
 + Level 7.8 Fighting
 + Level 7.9 Axes
 - Level 3.0 Throwing
 + Level 7.1 Armour
 + Level 7.0 Shields
 + Level 3.9 Invocations
 + Level 2.9 Evocations


You had 8 spell levels left.
You didn't know any spells.
Your spell library contained the following spells:

 Spells                   Type           Power      Damage    Failure   Level
 Apportation              Tloc           0%         N/A       54%         1
 Necrotise                Necr           0%         1d4       54%         1
 Summon Small Mammal      Summ           0%         N/A       54%         1
 Cigotuvi's Dreadful Rot  Necr/Pois/Air  0%         N/A       67%         2
 Animate Dead             Necr           0%         N/A       99%         4
 Dimensional Bullseye     Hex/Tloc       0%         N/A       99%         4
 Iskenderun's Mystic Bla  Conj/Tloc      0%         2d3       99%         4


Dungeon Overview and Level Annotations

Branches:
Dungeon (7/15)             Temple (1/1) D:6

Altars:
Ashenzari
Cheibriados
Dithmenos
Elyvilon
Gozag
Hepliaklqana
Kikubaaqudgha
Makhleb
Nemelex Xobeh
Okawaru
Ru
Sif Muna
Uskayaw
Vehumet
Wu Jian
Xom
Zin
The Shining One

Shops:
D:3 [   D:4 *   D:5 (   D:6 (*:*(:

Annotations:
D:3 2 transporters, thalassios's ghost, amateur DjSu
D:5 1 runed translucent door, soul19's ghost, novice GnIE


Message History

You feel sick.
You feel sick.
You feel sick.
You feel sick.
You feel sick.
You are no longer poisoned.
You now have 168 gold pieces (gained 8).
Found a shimmering altar of Xom.
Found an ancient bone altar of Kikubaaqudgha.
You now have 174 gold pieces (gained 6).
You now have 194 gold pieces (gained 20).
The electric eel shoots out a bolt of lightning at you!
The bolt of electricity hits you!
You barely miss the electric eel. You miss the electric eel.
The electric eel shoots out a bolt of lightning at you!
The bolt of electricity hits you!
You slash the electric eel!
You feel better.
The electric eel is heavily wounded.
You slash the electric eel!
You feel better.
The electric eel shoots out a bolt of lightning at you!
The bolt of electricity hits you! x2
The bolt of electricity hits the electric eel.
The electric eel completely resists.
The electric eel shoots out a bolt of lightning at you!
The bolt of electricity hits you! x2
The bolt of electricity hits the electric eel.
The electric eel completely resists.
The electric eel shoots out a bolt of lightning at you!
The bolt of electricity hits you!
* * * LOW HITPOINT WARNING * * *
You hit the electric eel.
You feel better.
The electric eel is almost dead.
You hit the electric eel.
You feel better.
You kill the electric eel!
Makhleb accepts your kill.
The electric eel shoots out a bolt of lightning at you!
The bolt of electricity hits you!
* * * LOW HITPOINT WARNING * * *
The bolt of electricity hits you!
You die...

..<#≈≈≈≈≈≈≈≈.........#
....≈.......≈≈≈≈≈≈≈..#
....≈.######......≈..#
....≈.#.....#####.≈..#
....≈.#.≈≈≈≈....#.≈.##
..#.≈.#.≈...≈≈≈.#.≈.#
.##.≈.#.≈.##._≈.#.≈.#
....≈.#.≈.#...≈.#.≈.#
###..#.≈.#...≈.#@S.#
###..#.≈.#_.≈≈.#.≈.#
.....#.≈.###...#.≈.#
##.#.#.≈....####.≈.#
#...#.≈≈≈≈≈ ..≈.#
#.#.#......≈≈ ≈≈≈.#
#.#.#######.. ....#
#.... ########


You could see an electric eel.

Vanquished Creatures
  Maggie (D:7)
  Sigmund (D:5)
  A steam dragon (D:7)
  Edmund (D:6)
  A water moccasin (D:7)
  An orc warrior (D:7)
  An ogre (D:5)
  2 sky beasts
  A black bear (D:4)
  A centaur (D:7)
  2 phantoms
  A bullfrog (D:6)
  A kobold brigand (D:6)
  2 scorpions
  An electric eel (D:7)
  2 hounds
  5 orc priests
  3 jellies
  A sleepcap (D:5)
  5 iguanas
  Ijyb (D:5)
  4 orc wizards
  4 gnolls (D:4)
  5 adders
  A shadow imp (D:4)
  2 white imps (D:6)
  A worm (D:5)
  4 dart slugs
  23 orcs
  8 ball pythons
  5 endoplasms
  2 giant cockroaches
  7 goblins
  10 hobgoblins
  12 jackals
  9 quokkas
  5 bats
  3 frilled lizards
  10 kobolds
  6 rats
156 creatures vanquished.

Vanquished Creatures (collateral kills)
  An orc warrior (D:7)
  An orc priest (D:7)
  2 orcs (D:7)
4 creatures vanquished.

Grand Total: 160 creatures vanquished

Notes
Turn   | Place    | Note
-------+----------+-------------------------------------------
     0 | D:1      | Lobster4 the Hill Orc Fighter began the quest for the Orb.
     0 | D:1      | Reached XP level 1. HP: 19/19 MP: 1/1
   172 | D:1      | Reached XP level 2. HP: 27/27 MP: 2/2
   390 | D:1      | Reached XP level 3. HP: 30/33 MP: 3/3
   993 | D:2      | Reached XP level 4. HP: 34/40 MP: 4/4
  1512 | D:3      | Noticed a phantom
  1524 | D:3      | Killed a phantom
  1525 | D:3      | Reached XP level 5. HP: 44/47 MP: 5/5
  1542 | D:3      | Found a transporter.
  1542 | D:3      | Noticed thalassios's ghost (amateur DjSu)
  1552 | D:3      | Found a transporter.
  2093 | D:3      | Found Ocone's Antique Armour Shoppe.
  2559 | D:4      | Reached skill level 5 in Fighting
  2559 | D:4      | Reached XP level 6. HP: 56/56 MP: 6/6
  2577 | D:4      | Found a sacrificial altar of Ru.
  2738 | D:4      | Found Jiste's General Store.
  2740 | D:4      | Found Fominwa's Specific Store.
  2744 | D:4      | Bought a potion of heal wounds for 50 gold pieces
  2748 | D:4      | Bought a scroll of enchant armour for 82 gold pieces
  2748 | D:4      | Bought a +0 pair of boots for 49 gold pieces
  2748 | D:4      | Bought a potion of curing for 33 gold pieces
  2990 | D:4      | Reached skill level 5 in Axes
  3100 | D:4      | Noticed a sky beast
  3111 | D:4      | Killed a sky beast
  3112 | D:4      | Reached skill level 1 in Throwing
  3112 | D:4      | Reached skill level 5 in Armour
  3112 | D:4      | Reached skill level 5 in Shields
  3112 | D:4      | Reached XP level 7. HP: 48/61 MP: 7/7
  3423 | D:5      | Identified the of Fiwohu Zolue
  3423 | D:5      | Entered Level 5 of the Dungeon
  3444 | D:5      | Identified a scroll of acquirement
  3444 | D:5      | Acquired a +0 heavy broad axe
  3752 | D:5      | Found a runed translucent door.
  3753 | D:5      | Noticed soul19's ghost (novice GnIE)
  3772 | D:5      | Noticed Ijyb
  3775 | D:5      | Found Wuonudui's Weapon Shoppe.
  3787 | D:5      | Killed Ijyb
  4066 | D:5      | Noticed Sigmund
  4073 | D:5      | Killed Sigmund
  4074 | D:5      | Reached XP level 8. HP: 70/70 MP: 8/8
  4410 | D:6      | Noticed Edmund
  4419 | D:6      | Killed Edmund
  4451 | D:6      | Found Ziewara's Weapon Shop.
  4452 | D:6      | Found a staircase to the Ecumenical Temple.
  4508 | D:6      | Identified the +2 dagger of Spores {heavy, Fly rF- rC+++
                  | MP-9}
  4543 | Temple   | Entered the Ecumenical Temple
  4559 | Temple   | Became a worshipper of Makhleb the Destroyer
  4640 | D:6      | Found Ihotitop's Assorted Antiques.
  4662 | D:6      | Reached skill level 1 in Invocations
  4663 | D:6      | Reached skill level 1 in Evocations
  4916 | D:6      | Found Qisuasopru's Overcharged Wands.
  4990 | D:6      | Found Nucwog's Book Shoppe.
  5132 | D:6      | Found Dorch's Book Shop.
  5195 | D:6      | Found a sparkling altar of Nemelex Xobeh.
  5242 | D:6      | Found a shimmering blue altar of Sif Muna.
  5261 | D:6      | Found Jial's Weapon Emporium.
  5296 | D:7      | Identified the of Hief
  5470 | D:7      | Reached XP level 9. HP: 48/79 MP: 10/10
  6025 | D:7      | Noticed Maggie
  6035 | D:7      | Killed Maggie
  6574 | D:7      | Found a shimmering altar of Xom.
  6575 | D:7      | Found an ancient bone altar of Kikubaaqudgha.
  6586 | D:7      | Killed from afar by an electric eel

Illustrated notes

Levels and vault maps discovered:
D:1:      psy_arrival_dodecagon, layout_basic
D:2:      minmay_alternating_diamond, layout_basic
D:3:      layout_basic, serial_shops, nicolae_shop_tiny_statue_garden,
          gammafunk_ghost_arena, solitary_fountain
D:4:      black_bear_nest_1, layout_basic, mainiacjoe_overflow_alcove_2,
          nicolae_specific_store
D:5:      layout_basic, serial_shops, shop, gammafunk_ghost_grave,
          serial_bayou_lagoon_b, uniq_sigmund, uniq_ijyb
D:6:      layout_rooms, lemuel_blue_sif_altar, mainiacjoe_overflow_brackets,
          minmay_temple_entry_proselytizer, serial_shops, nicolae_diamond_shop,
          nicolae_shop_stone, nicolae_shop_peninsula,
          nicolae_book_shop_shelving, shop_fountains,
          nicolae_shop_overcharged_wands, uniq_edmund
D:7:      layout_loops_cross, nicolae_overflow_squiral, uniq_maggie
Temple:   cyrus_circular_temple

Skill      XL: |  1  2  3  4  5  6  7  8  9 |
---------------+----------------------------+-----
Axes           | 3 4 5 6 7 |  7.9
Fighting       | 4 5 6 7 |  7.8
Armour         | 4 5 6 7 |  7.1
Shields        | 4 5 6 7 |  7.0
Throwing       | 1 2 3 |  3.0
Invocations    | 2 3 |  3.9
Evocations     | 1 2 |  2.9

Action                     |  1- 3 |  4- 6 |  7- 9 || total
---------------------------+-------+-------+-------++-------
  Melee: War axe           |    83 |   161 |   169 ||   413
         Broad axe         |       |       |    52 ||    52
  Throw: Javelin           |       |     3 |       ||     3
         Dart              |       |     5 |    14 ||    19
         Boomerang         |       |     4 |     7 ||    11
    Use: Scroll            |       |     2 |    11 ||    13
         Potion            |       |     1 |     2 ||     3
 Armour: Scale mail        |    50 |   141 |    28 ||   219
         Chain mail        |       |       |   147 ||   147
         Acid dragon scale |       |       |    33 ||    33
  Dodge: Dodged            |    46 |    94 |    87 ||   227
  Block: Buckler           |    20 |    49 |    55 ||   124

Table legend: (Time is in decaauts)
 A = Elapsed time spent in this place.
 B = Non-inter-level travel time spent in this place.
 C = Inter-level travel time spent in this place.
 D = Time resting spent in this place.
 E = Time spent auto-exploring this place.
 F = Levels seen in this place.
 G = Mean time per level.
                   A        B        C        D        E       F      G
               +--------+--------+--------+--------+--------+-----+--------+
         Total |   6747 |   6495 |    252 |    609 |   4605 |   8 |  843.4 |
       Dungeon |   6715 |   6477 |    238 |    609 |   4605 |   7 |  959.3 |
        Temple |     31 |     17 |     14 |      0 |      0 |   1 |   31.0 |
               +--------+--------+--------+--------+--------+-----+--------+

Top non-repeatable levels by time:
     D:7: 1152 daAuts
     D:3: 1078 daAuts
     D:6: 1023 daAuts
     D:5: 1012 daAuts
     D:4: 909 daAuts
     D:1: 821 daAuts
     D:2: 717 daAuts
  Temple: 31 daAuts
